 Dungeon Crawl Stone Soup version 0.30-a0-739-gea05faddec (webtiles) character file.

Game seed: 17194628067492068329

7 jimonade the Ducker (level 2, -4/23 HPs)
             Began as a Djinni Gladiator on Feb 4, 2023.
             Slain by a gnoll
             ... wielding a +0 club
              (7 damage)
             ... on level 1 of the Dungeon.
             The game lasted 00:01:16 (646 turns).

jimonade the Ducker (Djinni Gladiator)               Turns: 646, Time: 00:01:16

Health: -4/23      AC:  6    Str: 13    XL:     2   Next: 10%
Gold:   44         EV: 11    Int:  9    God:
                   SH:  5    Dex: 14

rFire   + + +      SeeInvis .    a - +0 rapier
rCold   x . .      Faith    .    (no shield)
rNeg    . . .      Spirit   .    m - +0 ring mail
rPois   ∞          Reflect  +    c - +0 helmet
rElec   .          Harm     .    (no cloak)
rCorr   .          Rampage  .    (no gloves)
Will    .....                    (boots unavailable)
Stlth   +                        k - amulet of reflection
HPRegen 0.23/turn                i - ring of protection from fire
MPRegen 0.00/turn                (no ring)

@: flying
A: sickness immunity, fire resistance 2, cold vulnerability 1, float, innate
caster, HP casting, extra vitality 1
a: no special abilities


You were on level 1 of the Dungeon.
You visited 1 branch of the dungeon, and saw 2 of its levels.

You collected 44 gold pieces.

Inventory:

Hand Weapons
 a - a +0 rapier (weapon)
Missiles
 d - 3 throwing nets (quivered)
 e - a javelin
Armour
 b - a +0 leather armour
 c - a +0 helmet (worn)
 m - a +0 ring mail (worn)
Jewellery
 i - a ring of protection from fire (left hand)
 k - an amulet of reflection (around neck)
Scrolls
 f - 3 scrolls of identify {unknown}
 g - 2 scrolls of vulnerability {unknown}
 j - a scroll of noise {unknown}
 l - a scroll of teleportation {unknown}
 n - 2 scrolls of magic mapping {unknown}
Potions
 h - 2 potions of curing {unknown}
 o - a potion of might {unknown}


   Skills:
 + Level 2.0 Fighting
 * Level 3.1 Short Blades
 - Level 1.5 Throwing
 + Level 3.4 Dodging


You had one spell level left.
You didn't know any spells.
Your spell library was empty.

Dungeon Overview and Level Annotations

Branches:
Dungeon (2/15)

Altars:

Shops:
D:1 [


Innate Abilities, Weirdness & Mutations

You are immune to sickness and miasma.
You are immune to poison.
Your flesh is very heat resistant. (rF++)
You are vulnerable to cold. (rC-)
You float through the air rather than walking.
You learn spells naturally, not from books.
Your magical power is your life essence.
You have superior vitality. (+4 MHP)


Message History

The gnoll hits you with a +0 club.
You fly upwards.
There is a stone staircase leading down here.
You barely miss the gnoll. The gnoll closely misses you.
You closely miss the gnoll. The gnoll hits you with a +0 club.
You barely miss the gnoll. The gnoll hits you with a +0 club.
You hit the gnoll.
The gnoll is lightly wounded.
The gnoll hits you with a +0 club.
You are too injured to fight recklessly!
You hit the gnoll but do no damage.
The gnoll is lightly wounded.
The gnoll hits you with a +0 club.
* * * LOW HITPOINT WARNING * * *
You closely miss the gnoll.
The gnoll is lightly wounded.
The gnoll barely misses you.
You hit the gnoll.
The gnoll is heavily wounded.
The gnoll hits you with a +0 club.
* * * LOW HITPOINT WARNING * * *
You barely miss the gnoll.
The gnoll is heavily wounded.
The gnoll closely misses you.
You hit the gnoll.
The gnoll is heavily wounded.
You block the gnoll's attack.
You closely miss the gnoll.
The gnoll is heavily wounded.
You block the gnoll's attack.
You completely miss the gnoll.
The gnoll is heavily wounded.
The gnoll barely misses you.
You barely miss the gnoll.
The gnoll is heavily wounded.
The gnoll closely misses you.
You hit the gnoll.
The gnoll is almost dead.
The gnoll hits you with a +0 club!
You die...

#.#...................#.##....##.
#.##..####.#####.##.#.#........##
#......)...# #...:.....#.#...#.
############ #.##..............
#.####..#.#..##.##
#...............#
#.##.##.####.####
#.##.##.####.### #@......##.....#
###g...#####.....### #.......#
#.....##. #.......# #.....##.
#.......# #.....##. ###...#.#
########. #...#.# #. #####.# #.
#.# #####.


You could see a gnoll.

Vanquished Creatures
  A dart slug (D:1)
  A bat (D:1)
  A goblin (D:1)
  A ball python (D:1)
  A kobold (D:1)
  A rat (D:2)
6 creatures vanquished.

Notes
Turn   | Place    | Note
-------+----------+-------------------------------------------
     0 | D:1      | jimonade the Djinni Gladiator began the quest for the Orb.
     0 | D:1      | Reached XP level 1. HP: 18/18 MP: 0/0
   351 | D:1      | Reached XP level 2. HP: 21/23 MP: 0/0
   376 | D:1      | Found Ydudgh's Antique Armour Shoppe.
   646 | D:1      | Slain by a gnoll

Illustrated notes

Levels and vault maps discovered:
D:1:      dpeg_arrival_three_same_balls, layout_loops_cross, serial_shops,
          nicolae_square_shop
D:2:      layout_rooms

Skill      XL: |  1 |
---------------+----+-----
Short Blades   | 3 |  3.1
Fighting       | |  2.0
Throwing       | |  1.5
Dodging        | |  3.4

Action                     || total
---------------------------++-------
  Melee: Rapier            ||    36
   Stab: Sleeping          ||     1
 Armour: Leather armour    ||     7
  Dodge: Dodged            ||    17
  Block: Other             ||     3

Table legend: (Time is in decaauts)
 A = Elapsed time spent in this place.
 B = Non-inter-level travel time spent in this place.
 C = Inter-level travel time spent in this place.
 D = Time resting spent in this place.
 E = Time spent auto-exploring this place.
 F = Levels seen in this place.
 G = Mean time per level.
                   A        B        C        D        E       F      G
               +--------+--------+--------+--------+--------+-----+--------+
         Total |    647 |    633 |     14 |      0 |    511 |   2 |  323.5 |
       Dungeon |    647 |    633 |     14 |      0 |    511 |   2 |  323.5 |
               +--------+--------+--------+--------+--------+-----+--------+

Top non-repeatable levels by time:
     D:1: 596 daAuts
     D:2: 50 daAuts
